 Dungeon Crawl Stone Soup version 0.31.0-1-g2c135a0 (webtiles) character file.

Game seed: 16918973712951629835

612 jagoly the Chopper (level 7, 0/44 HPs)
             Began as a Gargoyle Monk on Feb 2, 2024.
             Slain by a wight
             ... wielding a +3 falchion
              (3 damage)
             ... on level 7 of the Dungeon.
             The game lasted 00:10:39 (1740 turns).

jagoly the Chopper (Gargoyle Monk)                  Turns: 1740, Time: 00:10:40

Health: 0/44       AC: 16    Str: 16    XL:     7   Next: 44%
Magic:  7/7        EV: 10    Int: 11    God:
Gold:   186        SH:  0    Dex: 12    Spells: 6/6 levels left

rFire   . . .        a - +0 hand axe
rCold   . . .        d - orb {light}
rNeg    + . .        o - +0 scale mail
rPois   ∞            (no helmet)
rElec   +            n - +0 cloak
rCorr   .            s - +1 pair of gloves of Morality {SInv}
SInv    +            t - +0 pair of boots
Will    .....        (no amulet) Stlth
                     (no ring)
HPRegen 0.27/turn    (no ring)
MPRegen 0.10/turn

%: no passive effects
@: glowing
A: sickness immunity, AC +4, negative energy resistance 1, electricity
resistance, torment resistance 1, petrification resistance
a: no special abilities


You were on level 7 of the Dungeon.
You visited 1 branch of the dungeon, and saw 7 of its levels.

You collected 186 gold pieces.

Inventory:

Hand Weapons
 a - a +0 hand axe (weapon)
Missiles
 g - 9 stones (quivered)
Armour
 b - a +0 robe
 d - an orb of light (worn)
 j - a +0 ring mail
 n - a +0 cloak (worn)
 o - a +0 scale mail (worn)
 s - the +1 pair of gloves of Morality (worn) {SInv}
   (You found it on level 4 of the Dungeon)

   SInv:      It lets you see invisible.
 t - a +0 pair of boots (worn)
Jewellery
 p - a +6 ring of intelligence
 y - a ring of fire
Scrolls
 f - a scroll of vulnerability {unknown}
 h - a scroll of fog {unknown}
 i - 6 scrolls of identify {unknown}
 k - a scroll of enchant armour {unknown}
 r - a scroll of torment {unknown}
 v - a scroll of blinking {unknown}
 w - a scroll of acquirement {unknown}
Potions
 c - a potion of ambrosia
 e - a potion of curing {unknown}
 l - a potion of invisibility {unknown}
 m - a potion of resistance {unknown}
 q - a potion of degeneration {unknown}
 u - 2 potions of heal wounds {unknown}
 x - a potion of brilliance {unknown}


   Skills:
 + Level 5.2 Fighting
 * Level 5.5 Axes
 + Level 3.8 Armour
 - Level 3.0 Dodging


You had 6 spell levels left.
You didn't know any spells.
Your spell library was empty.

Dungeon Overview and Level Annotations

Branches:
Dungeon (7/15) Zot: 26923
 Temple: D:4-7

Altars:
Makhleb
Okawaru
Sif Muna
Vehumet

Annotations:
D:3 2 runed translucent doors
D:4 1 runed translucent door, Vixxxy's ghost, amateur KoHu


Innate Abilities, Weirdness & Mutations

You are immune to sickness and miasma.
Your stone body is resilient. (AC +4)
You are immune to poison.
You resist negative energy. (rN+)
You are resistant to electric shocks. (rElec)
You are resistant to unholy torment.
You are immune to petrification.


Message History

Cleave: a) +0 hand axe
Press: ? - help, Dir - move target, f/p - Menkaure
Aim: Menkaure (lightly damaged, haloed, about 6% to evade your +0 hand axe)
You hit Menkaure.
Menkaure is moderately damaged.
Menkaure hits you.
Cleave: a) +0 hand axe
Press: ? - help, Dir - move target, f/p - Menkaure
Aim: Menkaure (moderately damaged, haloed, about 6% to evade your +0 hand axe)
You slash Menkaure!
Menkaure is almost destroyed.
Menkaure hits you.
Cleave: a) +0 hand axe
Press: ? - help, Dir - move target, f/p - Menkaure
Aim: Menkaure (almost destroyed, haloed, about 6% to evade your +0 hand axe)
You hit Menkaure but do no damage.
Menkaure is almost destroyed.
Menkaure barely misses you.
Cleave: a) +0 hand axe
Press: ? - help, Dir - move target, f/p - Menkaure
Aim: Menkaure (almost destroyed, haloed, about 6% to evade your +0 hand axe)
You hit Menkaure.
Menkaure is almost destroyed.
Menkaure hits you.
Cleave: a) +0 hand axe
Press: ? - help, Dir - move target, f/p - Menkaure
Aim: Menkaure (almost destroyed, haloed, about 6% to evade your +0 hand axe)
You hit Menkaure.
You destroy Menkaure!
Your Axes skill increases to level 5!
Your Armour skill increases to level 3!
You see here a +0 pair of boots.
You see here a +0 pair of boots.
You start putting on your armour.
You continue putting on your +0 pair of boots. x4
You finish putting on your +0 pair of boots.
u - a fizzy green potion
Found a long sword.
Things that are here:
a +0 giant spiked club; an ogre corpse
v - a scroll labelled YMOLAM SIRALEZ
Found 15 gold pieces and a scroll labelled VANALL CEPU.
Found a stone staircase leading down.
You see here a +0 long sword.
w - a scroll labelled VANALL CEPU You now have 170 gold pieces (gained 15).
There is a stone staircase leading down here.
You climb downwards.
You hear the sound of rushing water.
There is an entrance to a sewer on this level.
Hurry and find it before the portal rusts away!
Found a fizzy green potion.
There is a stone staircase leading up here.
u - 2 fizzy green potions (gained 1) HP restored.
An orc priest comes into view. It is wielding a +0 whip.
The orc priest shouts!
You hear a shout!
An orc priest is nearby!
An orc comes into view. It is wielding a +0 dagger.
Found 4 stones.
The orc shouts!
An orc comes into view. It is wielding a +0 club.
The orc priest hits you but does no damage.
You hit the orc priest but do no damage.
The orc priest hits you but does no damage.
An orc comes into view. It is wielding a +0 club.
You barely miss the orc priest.
The orc shouts!
You slash the orc!
You kill the orc!
The orc priest barely misses you.
You hit the orc priest but do no damage.
The orc priest looks encouraged for a moment.
You hit the orc priest.
The orc priest is moderately wounded.
You hit the orc.
The orc priest casts a cantrip, but nothing happens.
The orc hits you but does no damage.
You hit the orc priest.
The orc priest is heavily wounded.
You barely miss the orc.
The orc priest hits you but does no damage.
You slash the orc priest!
You kill the orc priest!
You hit the orc.
You kill the orc!
You have reached level 7!
You hit the orc but do no damage. The orc hits you but does no damage.
You barely miss the orc. The orc hits you with a +0 club.
You slash the orc!
You kill the orc!
Things that are here:
a +0 club; a +0 whip; an orc corpse
g - 9 stones (gained 4)
You open the door.
There is an open door here.
You open the door.
There is an open door here.
You hear the slow rusting of a very distant drain.
You open the door.
Found 16 gold pieces.
There is an open door here.
You now have 186 gold pieces (gained 16).
Found a viscous cyan potion.
x - a viscous cyan potion You hear the slow rusting of a very distant drain.
An orc comes into view. It is wielding a +0 dagger.
The orc shouts!
You hear a shout!
An orc comes into view. It is wielding a +0 flail.
You hear a shout!
There are monsters nearby!
There are monsters nearby! 2 orcs come into view.
Found a stone staircase leading down.
The orc shouts! x2; You hear a shout!
You barely miss the orc.
An orc comes into view. It is wielding a +0 club.
The orc closely misses you.
You hit the orc.
The orc is almost dead.
The orc hits you but does no damage.
You hit the orc but do no damage.
The orc is almost dead.
The orc barely misses you.
You hit the orc but do no damage.
The orc is almost dead.
The orc closely misses you.
You hit the orc.
You kill the orc!
You hit the orc.
The orc is heavily wounded.
The orc completely misses you.
You barely miss the orc.
The orc is heavily wounded.
The orc hits you but does no damage. x2
You barely miss the orc.
The orc is moderately wounded.
The orc hits you but does no damage.
You hit the orc but do no damage.
The orc is moderately wounded.
The orc hits you but does no damage.
You barely miss the orc.
The orc is moderately wounded.
The orc closely misses you.
You hit the orc.
You kill the orc!
You slash the orc!
You kill the orc!
The orc completely misses you.
Items here: ))) = [[ †††.
You hit the orc.
The orc is heavily wounded.
The orc hits you but does no damage.
You barely miss the orc.
The orc is heavily wounded.
The orc misses you.
You slash the orc!
You kill the orc!
You hit the orc.
The orc is heavily wounded.
The orc hits you but does no damage.
You hit the orc.
The orc is severely wounded.
The orc closely misses you.
You barely miss the orc.
The orc is severely wounded.
The orc hits you but does no damage.
You hit the orc.
You kill the orc!
No target in view!
y - a ring of fire
Items here: )) [ †.
There is a stone staircase leading down here.
You climb downwards.
The ufetubus shouts! x2
There is a stone staircase leading up here.
Press: ? - help, v - describe, . - travel
Here: a wight, wielding a +3 mace and wearing a +0 robe (haloed)
The floor.
Unknown command.
The wight attacks as it pursues you! The wight barely misses you.
You hit the wight but do no damage.
The wight hits you with a +1 long sword.
You hit the wight.
The wight is moderately damaged.
The wight barely misses you.
You hit the wight.
The wight is heavily damaged.
The wight hits you with a +1 long sword!
You barely miss the wight.
The wight is heavily damaged.
The wight closely misses you.
You hit the wight but do no damage.
The wight is heavily damaged.
The wight hits you but does no damage.
You hit the wight but do no damage.
The wight is heavily damaged.
The wight hits you but does no damage.
You hit the wight.
The wight is severely damaged.
The wight hits you but does no damage.
You hit the wight.
The wight is almost destroyed.
The wight hits you with a +1 long sword.
You barely miss the wight.
The wight is almost destroyed.
The wight hits you but does no damage.
You hit the wight but do no damage.
The wight is almost destroyed.
The wight hits you with a +1 long sword!
You barely miss the wight.
The wight is almost destroyed.
The wight hits you with a +1 long sword.
You hit the wight but do no damage.
The wight is almost destroyed.
The wight hits you with a +1 long sword.
* * * LOW HITPOINT WARNING * * *
You are too injured to fight recklessly!
You are too injured to fight recklessly!
Cleave: a) +0 hand axe
Press: ? - help, Dir - move target, f - wight
Aim: a wight, wielding a +1 long sword and wearing a +0 robe (almost destroyed, haloed, about 20% to evade your +0 hand axe)
You hit the wight but do no damage.
The wight is almost destroyed.
The wight hits you with a +1 long sword.
* * * LOW HITPOINT WARNING * * *
Cleave: a) +0 hand axe
Press: ? - help, Dir - move target, f/p - wight
Aim: a wight, wielding a +1 long sword and wearing a +0 robe (almost destroyed, haloed, about 20% to evade your +0 hand axe)
You hit the wight.
The wight is almost destroyed.
The wight hits you with a +1 long sword.
* * * LOW HITPOINT WARNING * * *
Cleave: a) +0 hand axe
Press: ? - help, Dir - move target, f/p - wight
Aim: a wight, wielding a +1 long sword and wearing a +0 robe (almost destroyed, haloed, about 20% to evade your +0 hand axe)
You hit the wight but do no damage.
The wight is almost destroyed.
The wight hits you but does no damage.
Cleave: a) +0 hand axe
Press: ? - help, Dir - move target, f/p - wight
Aim: a wight, wielding a +1 long sword and wearing a +0 robe (almost destroyed, haloed, about 20% to evade your +0 hand axe)
You hit the wight.
You destroy the wight!
The ufetubus barely misses you.
The ufetubus hits you but does no damage.
Your Fighting skill increases to level 5!
Cleave: a) +0 hand axe
Press: ? - help, Dir - move target, f - ufetubus
Aim: an ufetubus (haloed, about 37% to evade your +0 hand axe)
You closely miss the ufetubus. The ufetubus slips past you!
The ufetubus hits you.
* * * LOW HITPOINT WARNING * * *
The ufetubus hits you but does no damage.
Cleave: a) +0 hand axe
Press: ? - help, Dir - move target, f/p - ufetubus
Aim: an ufetubus (haloed, about 37% to evade your +0 hand axe)
You hit the ufetubus.
The ufetubus is heavily wounded.
You barely miss the wight.
The ufetubus hits you but does no damage. x3
The ufetubus hits you.
* * * LOW HITPOINT WARNING * * *
The wight hits you with a +0 long sword.
* * * LOW HITPOINT WARNING * * *
Cleave: a) +0 hand axe
Press: ? - help, Dir - move target, f/p - ufetubus
Aim: an ufetubus (heavily wounded, haloed, about 37% to evade your +0 hand axe)
You hit the ufetubus but do no damage.
The ufetubus is heavily wounded.
You hit the wight but do no damage. The ufetubus barely misses you.
The ufetubus closely misses you.
The wight hits you with a +0 long sword.
* * * LOW HITPOINT WARNING * * *
The ufetubus hits you but does no damage. x2
Cleave: a) +0 hand axe
Press: ? - help, Dir - move target, f/p - ufetubus
Aim: an ufetubus (heavily wounded, haloed, about 37% to evade your +0 hand axe)
You hit the ufetubus but do no damage.
The ufetubus is heavily wounded.
You hit the wight but do no damage.
The ufetubus hits you but does no damage. x2
The wight hits you but does no damage.
Cleave: a) +0 hand axe
Press: ? - help, Dir - move target, f/p - ufetubus
Aim: an ufetubus (heavily wounded, haloed, about 37% to evade your +0 hand axe)
You hit the ufetubus.
The ufetubus is heavily wounded.
You hit the wight. The ufetubus closely misses you. x2
The wight hits you with a +0 long sword.
* * * LOW HITPOINT WARNING * * *
The ufetubus barely misses you. The ufetubus closely misses you.
Cleave: a) +0 hand axe
Press: ? - help, Dir - move target, f/p - ufetubus
Aim: an ufetubus (heavily wounded, haloed, about 37% to evade your +0 hand axe)
You hit the ufetubus but do no damage.
The ufetubus is heavily wounded.
You hit the wight. The ufetubus closely misses you.
The ufetubus hits you but does no damage.
The wight hits you but does no damage.
You are confused.
You feel invigorated.
The ufetubus hits you but does no damage.
The ufetubus completely misses you. The wight hits you but does no damage.
The ufetubus closely misses you. The ufetubus barely misses you.
You bump into the rock wall.
The ufetubus misses you. The ufetubus closely misses you.
The wight hits you but does no damage.
You bump into the rock wall.
The ufetubus closely misses you.
The ufetubus hits you but does no damage.
The wight hits you with a +0 long sword!
* * * LOW HITPOINT WARNING * * *
The ufetubus hits you but does no damage.
The ufetubus hits you.
* * * LOW HITPOINT WARNING * * *
You bump into the rock wall.
The ufetubus hits you but does no damage. x2
The wight hits you with a +0 long sword.
* * * LOW HITPOINT WARNING * * *
You bump into the rock wall.
The ufetubus barely misses you. The ufetubus closely misses you.
The wight hits you but does no damage.
The ufetubus hits you but does no damage. x2
You bump into the rock wall.
The ufetubus misses you. The ufetubus barely misses you.
The wight completely misses you.
You hit the ufetubus.
The ufetubus is almost dead.
You closely miss the wight. The ufetubus completely misses you.
The ufetubus closely misses you. The wight hits you but does no damage.
The ufetubus hits you but does no damage.
The ufetubus closely misses you.
You bump into the rock wall.
The ufetubus barely misses you.
The ufetubus hits you but does no damage.
The wight barely misses you.
You bump into the rock wall.
The ufetubus hits you but does no damage.
The ufetubus closely misses you. The wight hits you but does no damage.
The ufetubus hits you but does no damage. x2
You bump into the rock wall.
You feel less invigorated.
You feel less confused.
The ufetubus hits you but does no damage. x2
The wight hits you but does no damage.
You closely miss the ufetubus.
The ufetubus is almost dead.
You hit the wight but do no damage. The ufetubus closely misses you.
The ufetubus hits you but does no damage.
The wight barely misses you. The ufetubus barely misses you.
The ufetubus closely misses you.
You barely miss the ufetubus.
The ufetubus is severely wounded.
You barely miss the wight. The ufetubus barely misses you.
The ufetubus hits you but does no damage.
The wight hits you but does no damage.
You hit the ufetubus but do no damage.
The ufetubus is severely wounded.
You hit the wight but do no damage. The ufetubus closely misses you.
The ufetubus barely misses you.
The wight hits you with a +0 long sword.
The ufetubus barely misses you. The ufetubus hits you.
You closely miss the ufetubus.
The ufetubus is severely wounded.
You hit the wight but do no damage. The ufetubus hits you.
The ufetubus hits you but does no damage.
The wight closely misses you.
The ufetubus hits you but does no damage. x2
You hit the ufetubus.
The ufetubus is almost dead.
You hit the wight but do no damage.
The ufetubus hits you but does no damage.
The ufetubus closely misses you. The wight closely misses you.
You completely miss the ufetubus.
The ufetubus is almost dead.
You hit the wight but do no damage.
The ufetubus hits you but does no damage. x2
The wight hits you but does no damage.
The ufetubus hits you but does no damage.
The ufetubus hits you.
You hit the ufetubus.
You kill the ufetubus!
You hit the wight. The wight hits you but does no damage.
You completely miss the wight.
The wight is moderately damaged.
The wight hits you with a +0 long sword.
You hit the wight but do no damage.
The wight is moderately damaged.
The wight closely misses you.
You slash the wight!
The wight is almost destroyed.
The wight closely misses you.
You hit the wight but do no damage.
The wight is almost destroyed.
The wight hits you with a +0 long sword.
You hit the wight but do no damage.
The wight is almost destroyed.
The wight hits you but does no damage.
You hit the wight but do no damage.
The wight is almost destroyed.
The wight barely misses you.
You hit the wight.
You destroy the wight!
You hit the wight but do no damage. The wight closely misses you.
You hit the wight.
The wight is moderately damaged.
The wight hits you with a +3 mace.
You hit the wight.
The wight is severely damaged.
The wight hits you with a +3 mace.
* * * LOW HITPOINT WARNING * * *
The wight hits you with a +3 mace!
* * * LOW HITPOINT WARNING * * *
You completely miss the wight.
The wight is severely damaged.
The wight hits you but does no damage.
You barely miss the wight.
The wight is severely damaged.
The wight hits you with a +3 mace!
* * * LOW HITPOINT WARNING * * *
You completely miss the wight.
The wight is severely damaged.
The wight closely misses you.
You hit the wight.
The wight is severely damaged.
The wight hits you with a +3 mace.
* * * LOW HITPOINT WARNING * * *
You hit the wight.
You destroy the wight!
The ufetubus hits you but does no damage.
The ufetubus barely misses you.
You hit the ufetubus but do no damage.
The ufetubus hits you but does no damage.
The ufetubus closely misses you.
You hit the ufetubus.
The ufetubus is lightly wounded.
The ufetubus hits you but does no damage.
The ufetubus closely misses you.
The ufetubus hits you but does no damage.
The ufetubus completely misses you.
You closely miss the ufetubus.
The ufetubus is lightly wounded.
The ufetubus slips past you! The ufetubus hits you.
* * * LOW HITPOINT WARNING * * *
The ufetubus closely misses you. x2; The ufetubus misses you.
You are confused.
You feel invigorated. The ufetubus hits you.
* * * LOW HITPOINT WARNING * * *
The ufetubus barely misses you. The wight hits you but does no damage.
You completely miss the wight. You miss the ufetubus.
The ufetubus closely misses you. The ufetubus hits you.
* * * LOW HITPOINT WARNING * * *
The wight hits you but does no damage. The ufetubus closely misses you.
The ufetubus hits you but does no damage.
You barely miss the ufetubus.
The ufetubus is lightly wounded.
You barely miss the wight. The ufetubus hits you.
* * * LOW HITPOINT WARNING * * *
The ufetubus hits you.
* * * LOW HITPOINT WARNING * * *
The wight hits you but does no damage.
You bump into the rock wall.
The ufetubus barely misses you. The ufetubus closely misses you.
The wight closely misses you. The ufetubus closely misses you.
The ufetubus hits you but does no damage.
You hit the ufetubus but do no damage.
The ufetubus is lightly wounded.
You barely miss the wight.
The ufetubus hits you but does no damage.
The ufetubus closely misses you. The wight barely misses you.
You're too confused to move!
You feel less invigorated.
You feel less confused.
The ufetubus closely misses you. x2; The wight hits you but does no damage.
The ufetubus closely misses you.
The ufetubus hits you but does no damage.
You hit the ufetubus but do no damage.
The ufetubus is lightly wounded.
You hit the wight. The ufetubus closely misses you.
The ufetubus hits you but does no damage.
The wight hits you with a +3 falchion.
* * * LOW HITPOINT WARNING * * *
You hit the ufetubus.
The ufetubus is severely wounded.
You hit the wight.
The ufetubus hits you but does no damage. x2
The wight hits you with a +3 falchion.
* * * LOW HITPOINT WARNING * * *
The ufetubus closely misses you.
The ufetubus hits you but does no damage.
You slash the ufetubus!
You kill the ufetubus!
You hit the wight but do no damage. The wight hits you with a +3 falchion.
* * * LOW HITPOINT WARNING * * *
You hit the wight.
The wight is moderately damaged.
The wight completely misses you.
You barely miss the wight.
The wight is moderately damaged.
The wight closely misses you.
You hit the wight.
The wight is severely damaged.
The wight hits you with a +3 falchion!
* * * LOW HITPOINT WARNING * * *
You hit the wight.
The wight is almost destroyed.
The wight hits you with a +3 falchion.
You die...

#.# #.#
#.# #.#
#.# #.#
#.# #@# #
#z####.#
#)#...5#
#.<....#
###.......
.......
....#..
....# .
###.#


You could see a wight.

Vanquished Creatures
  Menkaure (D:5)
  An ogre (D:5)
  A scorpion (D:4)
  3 wights (D:7)
  A bombardier beetle (D:4)
  2 orc priests
  An adder (D:2)
  2 ufetubi (D:7)
  A dart slug (D:2)
  A ribbon worm (D:3)
  19 orcs
  4 ball pythons
  A bat (D:2)
  5 endoplasms
  A giant cockroach (D:3)
  5 hobgoblins
  2 jackals (D:2)
  3 quokkas
  2 frilled lizards
  6 goblins
  A kobold (D:2)
  4 rats
67 creatures vanquished.

Notes
Turn   | Place    | Note
-------+----------+-------------------------------------------
     0 | D:1      | jagoly the Gargoyle Monk began the quest for the Orb.
     0 | D:1      | Reached XP level 1. HP: 14/14 MP: 1/1
   168 | D:2      | Reached XP level 2. HP: 19/19 MP: 2/2
   414 | D:2      | Reached skill level 1 in Armour
   465 | D:2      | Reached XP level 3. HP: 20/23 MP: 3/3
   635 | D:3      | Found a large runed translucent door.
   635 | D:3      | Found a large runed translucent door.
   765 | D:4      | Reached XP level 4. HP: 12/29 MP: 4/4
   828 | D:5      | Entered Level 5 of the Dungeon
   828 | D:5      | Noticed Menkaure
   844 | D:4      | Found a radiant altar of Vehumet.
   857 | D:4      | Found a burning altar of Makhleb.
   962 | D:3      | Found a shimmering blue altar of Sif Muna.
  1180 | D:4      | Found an iron altar of Okawaru.
  1211 | D:4      | Reached XP level 5. HP: 33/33 MP: 5/5
  1263 | D:4      | Identified the +1 pair of gloves of Morality {SInv}
  1287 | D:4      | Found a runed translucent door.
  1287 | D:4      | Noticed Vixxxy's ghost (amateur KoHu)
  1308 | D:5      | Noticed an ogre
  1315 | D:5      | Killed an ogre
  1316 | D:5      | Reached XP level 6. HP: 15/39 MP: 6/6
  1486 | D:5      | Killed Menkaure
  1487 | D:5      | Reached skill level 5 in Axes
  1552 | D:6      | Reached XP level 7. HP: 44/44 MP: 7/7
  1686 | D:7      | Reached skill level 5 in Fighting
  1722 | D:7      | HP: 2/44 [wight/+3 mace (2)]
  1739 | D:7      | HP: 2/44 [wight/+3 falchion (7)]
  1740 | D:7      | Slain by a wight

Illustrated notes

Levels and vault maps discovered:
D:1:      grunt_arrival_lava_bath, layout_basic
D:2:      layout_loops_corners, hangedman_feature_mirror,
          kennysheep_generic_room_11
D:3:      layout_basic, nicolae_sif_muna_condensation,
          ebering_ghost_disaster_area
D:4:      layout_basic, lightli_temple_of_fire, pf_just_have_faith,
          nicolae_overflow_hidden_temple, ebering_ghost_inner_flame
D:5:      layout_cave_pools, cheibrodos_ashenzari_chains, serial_shops,
          shop_fountains, uniq_menkaure
D:6:      layout_loops_corners, lemuel_crystal_altar,
          mainiacjoe_overflow_alcove_4, nicolae_tso_swordbearing_angel,
          minmay_temple_entry_mist, gup_sewer_entry_pipe
D:7:      kennysheep_kobold_camp, layout_rooms, mainiacjoe_overflow_24_doors

Skill      XL: |  1  2  3  4  5  6  7 |
---------------+----------------------+-----
Axes           | 3 4 5 |  5.5
Armour         | 1 2 3 |  3.8
Fighting       | 4 5 |  5.2
Dodging        | 3 |  3.0

Action                     |  1- 3 |  4- 6 |  7- 9 || total
---------------------------+-------+-------+-------++-------
  Melee: Hand axe          |    88 |    92 |    80 ||   260
  Throw: Stone             |       |     7 |       ||     7
    Use: Potion            |       |       |     2 ||     2
 Armour: Robe              |    22 |       |       ||    22
         Ring mail         |    24 |    34 |       ||    58
         Scale mail        |       |    32 |   114 ||   146
  Dodge: Dodged            |    64 |    46 |    75 ||   185
